 Dungeon Crawl Stone Soup version 0.20-a0-924-gfa95efa (webtiles) character file.

91 Rrauwl the Skirmisher (level 4, 0/37 HPs)
             Began as a Barachi Warper on Mar 27, 2017.
             Slain by a goblin
             ... wielding a +0 dagger
             ... led by Robin
              (5 damage)
             ... on level 3 of the Dungeon.
             The game lasted 00:05:06 (2228 turns).

Rrauwl the Skirmisher (Barachi Warper)              Turns: 2228, Time: 00:05:06

Health: 0/37       AC:  4    Str: 12    XL:     4   Next: 57%
Magic:  7/7        EV: 12    Int: 14    God:
Gold:   175        SH:  0    Dex: 12    Spells: 7/7 levels left

rFire    . . .     SeeInvis .   a - +0 falchion
rCold    . . .     Gourm    .   (no shield)
rNeg     . . .     Faith    .   b - +0 leather armour
rPois    .         Spirit   .   i - +1 hat
rElec    .         Reflect  .   (no cloak)
rCorr    .         Harm     .   (no gloves)
MR       .....                  (no boots)
Stlth    +.........             (no amulet)
Regen    0.2/turn               (no ring)
MPRegen  0.1/turn               (no ring)

@: slow
A: +LOS, swims, slowness 1, strong legs 1
a: Hop


You were on level 3 of the Dungeon.
You were not hungry.

You visited 1 branch of the dungeon, and saw 3 of its levels.

You collected 175 gold pieces.

Inventory:

Hand Weapons
 a - a +0 falchion (weapon)
Missiles
 e - 5 tomahawks of dispersal (quivered)
Armour
 b - a +0 leather armour (worn)
 i - a +1 hat (worn)
Scrolls
 d - a scroll of blinking
 h - 2 scrolls of magic mapping {unknown}
 j - a scroll of remove curse {unknown}
 l - 2 scrolls of teleportation {unknown}
 o - a scroll of enchant weapon {unknown}
Potions
 m - a potion of invisibility
Books
 c - a book of Spatial Translocations

   Spells                             Type                      Level
   a - Blink                          Translocation                2
   b - Shroud of Golubria             Charms/Translocation         2
   c - Lesser Beckoning               Translocation                3
   d - Gell's Gravitas                Translocation                3
   e - Teleport Other                 Translocation                3
   f - Passage of Golubria            Translocation                4
Comestibles
 f - 4 bread rations
 g - 2 royal jellies
 k - a meat ration
 n - 5 chunks of flesh


   Skills:
 + Level 4.0 Fighting
 + Level 3.1 Long Blades
 - Level 1.0 Throwing
 + Level 2.3 Armour
 + Level 3.1 Dodging
 - Level 2.1 Spellcasting
   Level 3.2 Translocations


You had 7 spell levels left.
You didn't know any spells.

Dungeon Overview and Level Annotations

Branches:
Dungeon (3/15)

Altars:

Annotations:
D:3 Robin


Innate Abilities, Weirdness & Mutations

Shadows flee at your approach. (+LOS)
You can swim through water.
You cover ground slowly.
You can hop short distances.


Message History

The goblin goes into a battle-frenzy!
You barely miss the goblin.
The goblin is heavily wounded.
The goblin no longer looks unusually strong.
The goblin hits you. The goblin misses you.
You riposte.
You hit the goblin.
You kill the goblin!
Robin throws the goblin at you!
You hit the goblin.
You kill the goblin!
The goblin hits you.
* * * LOW HITPOINT WARNING * * *
The goblin misses you.
You barely miss the goblin. The goblin hits you with a dagger.
* * * LOW HITPOINT WARNING * * *
The goblin hits you.
* * * LOW HITPOINT WARNING * * *
You barely miss the goblin. The goblin hits you with a dagger.
* * * LOW HITPOINT WARNING * * *
The goblin closely misses you. The goblin hits you with a dagger.
You die...

#.####.# #..
#.####.#
#######.
#>#....#
######.......
#.#.##.#
#............
#......#
#......###.#.
###....#
#..........#.
####.#
#......##..<.
#g#
#.......)....
#@#
######.###...
#g# #.......
#g# .#####..
#g# #. #.#
>.. #. #.#
#.# .. ...
#.# #. #.#
#.. .. #.#
###


You could see Robin, a hobgoblin and 2 goblins.

Vanquished Creatures
  3 adders
  3 worms
  A dart slug (D:1)
  3 leopard geckos
  5 bats
  A giant cockroach (D:1)
  15 goblins
  3 hobgoblins
  A jackal (D:2)
  3 kobolds
  2 quokkas (D:2)
  A ball python (D:1)
  2 frilled lizards
  4 rats
47 creatures vanquished.

Notes
Turn   | Place    | Note
-------+----------+-------------------------------------------
     0 | D:1      | Rrauwl the Barachi Warper began the quest for the Orb.
     0 | D:1      | Reached XP level 1. HP: 17/17 MP: 3/3
   193 | D:1      | Reached XP level 2. HP: 2/23 MP: 5/5
   970 | D:2      | Reached skill level 3 in Fighting
   970 | D:2      | Reached XP level 3. HP: 29/29 MP: 6/6
  1916 | D:2      | Reached XP level 4. HP: 32/37 MP: 7/7
  2209 | D:3      | Reached skill level 4 in Fighting
  2211 | D:3      | Noticed Robin
  2228 | D:3      | Slain by a goblin

Vault maps used:
D:1:      dpeg_arrival_line_fractal
D:2:      first_bread
D:3:      uniq_robin

Skill      XL: |  1  2  3  4 |
---------------+-------------+-----
Fighting       | 3 4 |  4.0
Armour         | 2 |  2.3
Dodging        | 3 |  3.1
Long Blades    | 3 |  3.1
Throwing       | |  1.0
Spellcasting   | |  2.1
Translocations | |  3.2

Action                   |  1- 3 |  4- 6 || total
-------------------------+-------+-------++-------
Melee: Falchion          |   115 |    40 ||   155
  Use: Potion            |     2 |     2 ||     4
 Stab: Invisible         |       |     3 ||     3
  Eat: Chunk             |     2 |     1 ||     3
       Royal jelly       |     1 |       ||     1
Armor: Leather armour    |    32 |     6 ||    38
Dodge: Dodged            |    87 |    34 ||   121
       Rpst.: Falchion   |    33 |    13 ||    46
